 Dungeon Crawl Stone Soup version 0.30.1-4-g462c640d31 (webtiles) character file.

Game seed: 13243236246212843041

165329 wingedge the Destroyer (level 16, -7/126 (132) HPs)
             Began as a Demigod Earth Elementalist on Sept 16, 2023.
             Mangled by a pharaoh ant (9 damage)
             ... on level 3 of the Spider Nest on Sept 17, 2023.
             The game lasted 02:19:38 (39883 turns).

wingedge the Destroyer (DgEE)                      Turns: 39883, Time: 02:19:39

HP:   -7/126 (132)  AC: 15    Str: 17    XL:     16   Next: 72%
MP:   6/35          EV: 14    Int: 35    God:
Gold: 629           SH:  0    Dex: 14    Spells: 1/36 levels left

rFire   + + +        s - +10 rapier "Impslayer" {freeze, rF++ SInv}
rCold   + . .        (no shield)
rNeg    . . .        U - +1 robe {rC+ rF+}
rPois   +            Q - +2 hat
rElec   .            V - +2 cloak {rPois}
rCorr   .            g - +0 pair of gloves
SInv    +            E - +0 pair of boots
Will    +....        t - amulet of regeneration
Stlth   +++          I - +6 ring of intelligence
HPRegen 1.21/turn    h - +4 ring of protection
MPRegen 0.24/turn

%: no passive effects
@: very slightly contaminated, lightly drained
A: high MP 1, forlorn, divine attributes
a: no special abilities


You were on level 3 of the Spider Nest.
You visited 4 branches of the dungeon, and saw 25 of its levels.

You collected 2634 gold pieces.
You spent 2005 gold pieces at shops.

Inventory:

Hand Weapons
 a - the +4 morningstar of the Inferno {speed, Int+5}
   (You found it on level 15 of the Dungeon)

   Int:       It affects your intelligence (+5).
 b - the +2 Maxwell's thermic engine {flame, freeze, rev}
   (You bought it in a shop on level 2 of the Orcish Mines)
 r - the +6 dagger of Doubt {freeze, rElec rN+}
   (You found it on level 3 of the Dungeon)

   rElec:     It insulates you from electricity.
   rN:        It protects you from negative energy.
 s - the +10 rapier "Impslayer" (weapon) {freeze, rF++ SInv}
   (You found it on level 14 of the Dungeon)

   rF:        It greatly protects you from fire.
   SInv:      It lets you see invisible.
Missiles
 J - 9 curare-tipped darts
 S - 2 throwing nets
Armour
 g - a +0 pair of gloves (worn)
 E - a +0 pair of boots (worn)
 P - +0 acid dragon scales
 Q - a +2 hat (worn)
 U - a +1 robe of resistance (worn)
 V - a +2 cloak of poison resistance (worn)
Magical Staves
 y - the staff of fire "Mykerara" {rF+ rC+}
   (You found it on level 5 of the Lair of Beasts)

   [staff of fire]

   Base accuracy: +5 Base damage: 5 Base attack delay: 1.2 This weapon's minimum
   attack delay (0.6) is reached at skill level 12.
   rF:        It protects you from fire.
   rC:        It protects you from cold.
   It falls into the 'Staves' category.
   It is a one-handed weapon.
Jewellery
 h - a +4 ring of protection (right hand)
 k - a +5 ring of evasion
 q - a ring of protection from fire
 t - an amulet of regeneration (around neck)
 D - a ring of positive energy
 I - a +6 ring of intelligence (left hand)
Wands
 K - a wand of acid (1)
 M - a wand of digging (16)
Scrolls
 c - 5 scrolls of fog
 e - 5 scrolls of teleportation
 n - 7 scrolls of enchant weapon
 o - a scroll of silence
 A - 3 scrolls of butterflies (quivered)
 B - a scroll of fear
 C - 6 scrolls of magic mapping
 F - a scroll of amnesia
 G - 3 scrolls of poison
 L - 4 scrolls of immolation
 O - 3 scrolls of blinking
 T - 7 scrolls of brand weapon
Potions
 d - 3 potions of heal wounds
 f - 3 potions of flight
 i - 17 potions of curing
 j - a potion of magic
 m - a potion of haste
 p - 4 potions of ambrosia
 u - 4 potions of cancellation
 v - 4 potions of might
 w - 4 potions of brilliance
 z - 2 potions of resistance
 H - 6 potions of mutation
 R - a potion of invisibility
Miscellaneous
 l - a condenser vane
 x - a lightning rod (4/4)


   Skills:
 + Level 9.6 Fighting
 * Level 5.5 Long Blades
 - Level 7.0 Armour
 + Level 6.0 Dodging
 - Level 5.0 Stealth
 + Level 10.8 Spellcasting
 - Level 11.0 Conjurations
 + Level 7.6 Necromancy
 * Level 1.7 Translocations
 - Level 3.0 Transmutations
 + Level 5.2 Fire Magic
 - Level 6.0 Ice Magic
 - Level 10.0 Air Magic
 - Level 11.0 Earth Magic
 - Level 3.0 Poison Magic


You had one spell level left.
You knew the following spells:

 Your Spells              Type           Power      Damage    Failure   Level
a - Freezing Cloud        Conj/Ice/Air   35%        6-21      1%          5
b - Passage of Golubria   Tloc           30%        N/A       11%         4
c - Poisonous Vapours     Pois/Air       100%       N/A       1%          2
d - Mephitic Cloud        Conj/Pois/Air  66%        N/A       1%          3
e - Ignite Poison         Fire/Tmut/Pois 45%        N/A       1%          3
f - Arcjolt               Conj/Air       37%        1d47      1%          5
g - Lee's Rapid Deconstr  Erth           38%        3d19*     1%          5
h - Iron Shot             Conj/Erth      38%        9d8       3%          6
i - Sublimation of Blood  Necr           64%        N/A       1%          2

Your spell library contained the following spells:

 Spells                   Type           Power      Damage    Failure   Level
 Beastly Appendage        Tmut           78%        N/A       1%          1
 Sandblast                Erth           100%       2d20      1%          1
 Shock                    Conj/Air       100%       1d9       1%          1
 Slow                     Hex            72%        N/A       2%          1
 Cigotuvi's Dreadful Rot  Necr/Pois/Air  100%       N/A       1%          2
 Passwall                 Tmut/Erth      50%        N/A       1%          2
 Wereblood                Tmut           39%        N/A       1%          2
 Spider Form              Tmut/Pois      39%        N/A       1%          3
 Stone Arrow              Conj/Erth      100%       3d13      1%          3
 Swiftness                Air            73%        N/A       1%          3
 Vampiric Draining        Necr           64%        2d10      1%          3
 Vhi's Electric Charge    Tloc/Air       100%       N/A       1%          3
 Volatile Blastmotes      Fire/Tloc      86%        2d17      1%          3
 Airstrike                Air            36%        2d(6-22)  1%          4
 Iskenderun's Mystic Bla  Conj/Tloc      59%        2d12      1%          4
 Petrify                  Tmut/Erth      61%        N/A       1%          4
 Sticky Flame             Conj/Fire      66%        2d8       1%          4
 Animate Armour           Summ/Erth      100%       N/A       2%          4
 Fulminant Prism          Conj/Hex       27%        3d13      2%          4
 Leda's Liquefaction      Hex/Erth       27%        N/A       2%          4
 Irradiate                Conj/Tmut      30%        3d21      3%          5
 Confusing Touch          Hex            18%        N/A       7%          3
 Silence                  Hex/Air        26%        N/A       9%          5
 Plasma Beam              Fire/Air       32%        2x1d49    16%         6
 Blade Hands              Tmut           19%        N/A       19%         5
 Statue Form              Tmut/Erth      40%        N/A       21%         6
 Lehudib's Crystal Spear  Conj/Erth      38%        10d10     86%         8
 Dragon Form              Tmut           19%        N/A       99%         7
 Summon Hydra             Summ           9%         N/A       100%        7
 Ignition                 Fire           27%        3d9       100%        8


Dungeon Overview and Level Annotations

Branches:
Dungeon (15/15)            Temple (0/1) D:5            Lair (5/5) D:10
 Shoals (0/4) Lair:2       Spider (3/4) Lair:3        Slime (0/5) Lair:5
    Orc (2/2) D:11            Elf (0/3) Orc:2        Vaults (0/5) D:13
 Depths (0/4) D:15

Shops:
D:9 :((*   Orc:2 [(*:


Innate Abilities, Weirdness & Mutations

You have an increased reservoir of magic. (+10% MP)
You shall have no god before yourself.
Your divine heritage dramatically boosts your attributes as you level up.


Message History

Casting: Lee's Rapid Deconstruction (mildly dangerous; 1% risk of failure)
Confirm with . or Enter, or press ? or * to list all spells.
Electricity surges outward!
The meliai is struck by an electric surge.
The meliai is almost dead.
The sun moth resists.
The sun moth is struck by an electric surge!
The sun moth is almost dead.
The meliai is struck by an electric surge!!!
You kill the meliai!
The wolf spider is struck by an electric surge!!
The wolf spider is almost dead.
A redback comes into view.
The meliai is engulfed in freezing vapours.
You kill the meliai!
The wolf spider closely misses you. The wolf spider bites you.
The sun moth is engulfed in freezing vapours.
You kill the sun moth!
The wolf spider hits you! The wolf spider bites you.
Your Dodging skill increases to level 6!
A redback comes into view.
The wolf spider closely misses you. The wolf spider bites you.
A redback comes into view. x2
The wolf spider hits you! The wolf spider barely misses you.
The pharaoh ant closely misses you. The wolf spider hits you!
* * * LOW HITPOINT WARNING * * *
The wolf spider bites you.
* * * LOW HITPOINT WARNING * * *
There is a stone staircase leading up, spattered with blood here.
Okay, then.
Press: ? - help, v - describe, . - travel
Here: a pharaoh ant The floor, spattered with blood.
As you read the scroll of fear, it crumbles to dust.
You assume a fearsome visage.
The wolf spider looks frightened!
The redback looks frightened! x4; The pharaoh ant is unaffected.
The pharaoh ant bites you!!
* * * LOW HITPOINT WARNING * * *
You feel drained.
You die...

.. .....°...s..
.^. ......#.s..
....#........#.
#...#...#.s...#
#.........s...^
#............
#^.....#.....
#.#..@#...#
#.?..B...#
###§§.^s##
##§§§§# #§§§§§#
#.§§§§##
#.§#.§.#
#......#
......^#


You could see a wolf spider (fleeing), a pharaoh ant and 4 redbacks.

Vanquished Creatures
  Jorgrun (D:15)
  Kirke (Lair:3)
  Gastronok (D:10)
  2 orc warlords
  A spark wasp (Spider:2)
  Josephine (Orc:1)
  3 entropy weavers
  3 anacondas (Lair:3)
  A catoblepas (Lair:5)
  11 hydras
  A jorogumo (Spider:2)
  8 two-headed ogres
  An ogre mage (Orc:1)
  6 centaur warriors
  A radroach (Spider:2)
  4 boulder beetles
  The ghost of mortz the Thaumaturge, a journeyman DjFE of Gozag (D:8)
  7 death yaks (Lair:5)
  A deep troll shaman (Lair:5)
  A tengu warrior (D:13)
  2 orc high priests (Orc:2)
  A sun moth (Spider:3)
  A skyshark (Lair:4)
  5 pharaoh ants
  4 orb spiders
  A lindwurm (Lair:5)
  A wizard (D:13)
  3 deep elf pyromancers
  3 necromancers
  9 orc knights
  6 steelbarb worms
  9 wolf spiders
  2 orc sorcerers
  3 cyclopes
  19 ugly things
  7 black mambas
  3 oklob plants (Lair:5)
  5 manticores
  A merfolk siren (Lair:2)
  14 elephants
  2 slime creatures (D:11)
  A centaur skeleton (D:15)
  A gargoyle (D:10)
  3 naga magi (D:15)
  14 cane toads
  7 demonic crawlers
  4 torpor snails
  4 rime drakes
  An unseen horror (D:12)
  A kobold demonologist (D:13)
  5 komodo dragons
  A tengu conjurer (D:13)
  6 trolls
  3 merfolk (Lair:2)
  6 polar bears
  A troll (shapeshifter) (D:11)
  6 meliai
  2 hornets
  10 tarantellas
  Grinder (D:3)
  10 blink frogs
  7 dream sheep
  10 culicivoras
  A spriggan (shapeshifter) (D:13)
  Sigmund (D:2)
  17 jumping spiders
  A shadow (D:8)
  2 centaur simulacra (D:15)
  A vampire (D:9)
  31 yaks
  5 wyverns
  6 wraiths
  3 dire elephant simulacra (Lair:4)
  5 hogs (Lair:3)
  4 basilisks
  2 fire elementals (D:15)
  A neqoxec (D:8)
  9 steam dragons
  15 redbacks
  6 vampire mosquitoes
  5 acid dragons
  6 wargs
  A hydra simulacrum (Lair:4)
  16 water moccasins
  A swamp drake (D:11)
  40 orc warriors
  An ice beast (D:8)
  3 black bears
  A sky beast (D:8)
  16 wolves
  14 ogres
  3 boggarts (D:15)
  10 centaurs
  15 bullfrogs
  3 kobold brigands
  A gnoll sergeant (D:9)
  4 scorpions
  A hornet simulacrum (D:15)
  A wight (D:9)
  4 killer bees (D:8)
  9 howler monkeys
  4 electric eels
  5 lava snakes
  2 jellies
  2 water moccasin simulacra (Lair:4)
  2 hounds
  16 orc priests
  A gnoll bouda (D:9)
  A sleepcap (D:6)
  Jessica (D:3)
  6 iguanas
  Terence (D:2)
  17 orc wizards
  A hell rat (Lair:3)
  8 adders
  5 gnolls
  2 gnolls (shapeshifter) (D:8)
  A shadow imp (D:7)
  4 white imps
  2 dart slugs (D:4)
  69 orcs
  4 endoplasms
  A giant cockroach (D:2)
  A goblin (D:4)
  10 hobgoblins
  9 jackals
  2 quokkas
  4 ball pythons
  4 bats
  5 frilled lizards
  10 kobolds
  2 rats
728 creatures vanquished.

Vanquished Creatures (others)
  A killer bee (D:8)
1 creature vanquished.

Grand Total: 729 creatures vanquished

Notes
Turn   | Place    | Note
-------+----------+-------------------------------------------
     0 | D:1      | wingedge the Demigod Earth Elementalist began the quest for
                  | the Orb.
     0 | D:1      | Reached XP level 1. HP: 14/14 MP: 5/5
   579 | D:2      | Noticed Sigmund
   708 | D:2      | Noticed Terence
   718 | D:2      | Reached XP level 2. HP: 20/20 MP: 2/7
   863 | D:3      | Reached XP level 3. HP: 25/26 MP: 0/8
   932 | D:3      | Learned a level 3 spell: Stone Arrow
   972 | D:3      | Identified the +6 dagger of Doubt {freeze, rElec rN+}
   980 | D:3      | Reached skill level 1 in Conjurations
  1045 | D:3      | Reached XP level 4. HP: 28/33 MP: 3/9
  1512 | D:2      | Killed Terence
  1966 | D:2      | Killed Sigmund
  1967 | D:2      | Reached skill level 1 in Fighting
  1967 | D:2      | Reached XP level 5. HP: 40/40 MP: 0/12
  2254 | D:3      | Noticed Grinder
  2258 | D:3      | Killed Grinder
  2259 | D:3      | Reached XP level 6. HP: 42/48 MP: 0/14
  2386 | D:3      | Noticed Jessica
  2392 | D:3      | Killed Jessica
  2940 | D:4      | Learned a level 2 spell: Poisonous Vapours
  2944 | D:4      | Learned a level 3 spell: Mephitic Cloud
  3560 | D:4      | Reached XP level 7. HP: 49/55 MP: 1/15
  3823 | D:5      | Entered Level 5 of the Dungeon
  3929 | D:5      | Found a staircase to the Ecumenical Temple.
  4023 | D:5      | Reached skill level 1 in Poison Magic
  4114 | D:5      | Reached skill level 1 in Air Magic
  4312 | D:5      | Reached skill level 1 in Armour
  5283 | D:6      | Learned a level 3 spell: Swiftness
  5404 | D:6      | Reached XP level 8. HP: 61/61 MP: 10/17
  5525 | D:6      | Reached skill level 5 in Earth Magic
  6584 | D:7      | Reached skill level 1 in Ice Magic
  6793 | D:7      | Reached skill level 5 in Conjurations
  7556 | D:7      | Reached XP level 9. HP: 15/70 MP: 0/19
  8191 | D:8      | Reached skill level 5 in Spellcasting
  8515 | D:8      | You fall into a shaft and drop 1 floor!
  8623 | D:8      | Found a runed translucent gate.
  8623 | D:8      | Found a runed translucent gate.
  8623 | D:8      | Found a runed translucent gate.
  8626 | D:8      | Noticed a white ugly thing
  8627 | D:8      | Noticed a purple ugly thing
  8627 | D:8      | Noticed a white ugly thing
  8628 | D:8      | Noticed a red ugly thing
  8629 | D:8      | Noticed a cyan ugly thing
  8743 | D:8      | Saw a vision of the Shoals and the Spider Nest.
  8743 | D:8      | Noticed a demonic crawler
  8743 | D:8      | Noticed a spark wasp
  8743 | D:8      | Noticed a wolf spider
  8743 | D:8      | Noticed an entropy weaver
  8743 | D:8      | Noticed an entropy weaver
  8743 | D:8      | Noticed a manticore
  8743 | D:8      | Noticed a manticore
  8744 | D:8      | Noticed a wolf spider
  8945 | D:9      | Learned a level 5 spell: Arcjolt
  8950 | D:9      | Noticed a two-headed ogre
  8958 | D:9      | Killed a two-headed ogre
  9203 | D:9      | Found Atiqaivimi's Antique Weapon Boutique.
  9242 | D:9      | Noticed a two-headed ogre
  9247 | D:9      | Killed a two-headed ogre
  9248 | D:9      | Reached skill level 5 in Air Magic
  9371 | D:9      | Reached XP level 10. HP: 78/78 MP: 15/22
  9501 | D:9      | Noticed a red ugly thing
  9506 | D:9      | Killed a red ugly thing
  9653 | D:9      | Noticed a centaur warrior
  9660 | D:9      | Killed a centaur warrior
 10766 | D:9      | Found Henedento's General Store.
 10803 | D:9      | Found Picah's Weapon Emporium.
 10995 | D:9      | Noticed a two-headed ogre
 11001 | D:9      | Killed a two-headed ogre
 11315 | D:9      | Found Urgho's Book Shoppe.
 11891 | D:10     | Entered Level 10 of the Dungeon
 11891 | D:10     | Noticed Gastronok
 12062 | D:10     | Reached XP level 11. HP: 84/84 MP: 14/24
 12844 | D:10     | Killed Gastronok
 12982 | D:10     | Reached skill level 5 in Stealth
 13114 | D:10     | Learned a level 5 spell: Freezing Cloud
 13226 | D:10     | Found a staircase to the Lair.
 13347 | D:10     | Reached skill level 5 in Fighting
 13462 | Lair:1   | Entered Level 1 of the Lair of Beasts
 13488 | Lair:1   | Reached skill level 5 in Armour
 14913 | Lair:2   | You fall into a shaft and drop 1 floor!
 15127 | Lair:2   | Noticed a four-headed hydra
 15129 | Lair:2   | Noticed an eight-headed hydra
 15134 | Lair:2   | Found a staircase to the Shoals.
 15140 | Lair:2   | Reached XP level 12. HP: 37/95 MP: 14/26
 15418 | Lair:2   | Killed an eight-headed hydra
 16206 | Lair:2   | Killed a four-headed hydra
 16511 | Lair:3   | Noticed an eight-headed hydra
 16521 | Lair:3   | Killed an eight-headed hydra
 16709 | Lair:3   | Reached skill level 5 in Ice Magic
 16902 | Lair:3   | Noticed a six-headed hydra
 16905 | Lair:3   | Noticed a six-headed hydra
 16908 | Lair:3   | Killed a six-headed hydra
 16918 | Lair:3   | Noticed an anaconda
 16924 | Lair:3   | Killed an anaconda
 17266 | Lair:3   | Killed a six-headed hydra
 17383 | Lair:3   | Noticed a seven-headed hydra
 17389 | Lair:3   | Killed a seven-headed hydra
 17479 | Lair:3   | Noticed a five-headed hydra
 17484 | Lair:3   | Killed a five-headed hydra
 17603 | Lair:3   | Noticed a six-headed hydra
 17603 | Lair:3   | Noticed an anaconda
 17603 | Lair:3   | Noticed an anaconda
 17608 | Lair:3   | Killed a six-headed hydra
 17609 | Lair:3   | Killed an anaconda
 17617 | Lair:3   | Killed an anaconda
 18026 | Lair:3   | Found a transporter.
 18174 | Lair:3   | Reached XP level 13. HP: 105/105 MP: 11/29
 18374 | Lair:3   | Found a hole to the Spider Nest.
 18952 | Lair:3   | Noticed Kirke
 18963 | Lair:3   | Killed Kirke
 18970 | Lair:3   | Found a transporter.
 19709 | Lair:3   | Learned a level 6 spell: Iron Shot
 19937 | Lair:4   | Found a transporter.
 20017 | Lair:4   | Reached skill level 10 in Conjurations
 20017 | Lair:4   | Reached skill level 10 in Air Magic
 20408 | D:9      | Bought an Everburning Encyclopedia for 468 gold pieces
 20594 | Lair:4   | Reached skill level 1 in Transmutations
 21035 | Lair:4   | Found a transporter.
 21536 | Lair:5   | Entered Level 5 of the Lair of Beasts
 21627 | Lair:5   | Reached skill level 1 in Fire Magic
 21906 | Lair:4   | Learned a level 5 spell: Lee's Rapid Deconstruction
 22639 | D:8      | Found a runed translucent gate.
 22639 | D:8      | Found a runed translucent gate.
 22642 | D:8      | Found a runed translucent gate.
 22642 | D:8      | Noticed mortz's ghost (journeyman DjFE)
 22650 | D:8      | Killed mortz's ghost
 23977 | Lair:5   | Reached XP level 14. HP: 115/115 MP: 18/31
 24037 | Lair:5   | Learned a level 2 spell: Sublimation of Blood
 24259 | Lair:5   | Reached skill level 1 in Necromancy
 25107 | Lair:5   | Found a staircase to the Slime Pits.
 26033 | Lair:5   | Identified the staff of fire "Mykerara" {rF+ rC+}
 27426 | D:11     | Found a staircase to the Orcish Mines.
 27709 | D:11     | Reached skill level 5 in Necromancy
 27709 | D:11     | Reached XP level 15. HP: 121/121 MP: 33/33
 28066 | Orc:1    | Entered Level 1 of the Orcish Mines
 28068 | Orc:1    | Noticed Josephine
 28072 | Orc:1    | Killed Josephine
 28968 | Orc:2    | Entered Level 2 of the Orcish Mines
 28969 | Orc:2    | Found a staircase to the Elven Halls.
 29340 | Orc:2    | Found Vidoy's Antique Armour Shoppe.
 29371 | Orc:2    | Reached skill level 10 in Spellcasting
 30015 | Orc:2    | Learned a level 3 spell: Ignite Poison
 30081 | Orc:2    | Found Isigu's Antique Weapon Emporium.
 30336 | Orc:2    | Found Puoddur's General Store.
 30399 | Orc:2    | Found Asopp's Book Emporium.
 31720 | Orc:2    | Bought the +2 Maxwell's thermic engine {flame, freeze, rev}
                  | for 1320 gold pieces
 31720 | Orc:2    | Found the +2 Maxwell's thermic engine {flame, freeze, rev}
 31951 | D:12     | Reached skill level 10 in Earth Magic
 32511 | D:12     | Reached skill level 1 in Long Blades
 34047 | D:13     | Reached XP level 16. HP: 123/130 MP: 27/35
 34086 | D:13     | Found a gate to the Vaults.
 34770 | D:14     | Identified the +10 rapier "Impslayer" {freeze, rF++ SInv}
 34860 | D:14     | Found Lupeti's Book Emporium.
 35188 | D:15     | Entered Level 15 of the Dungeon
 35318 | D:15     | Noticed Jorgrun
 35325 | D:15     | Killed Jorgrun
 35326 | D:15     | Reached skill level 5 in Dodging
 35808 | Orc:2    | Bought a runed cloak for 217 gold pieces
 36287 | D:15     | Identified the +4 morningstar of the Inferno {speed, Int+5}
 36487 | D:15     | Found a staircase to the Depths.
 37267 | Spider:1 | Entered Level 1 of the Spider Nest
 38329 | Spider:2 | Identified the +3 long sword "Roramic" {heavy, Str+3}
 38834 | Spider:2 | Reached skill level 5 in Long Blades
 38834 | Spider:2 | Reached skill level 5 in Fire Magic
 39206 | Spider:2 | Learned a level 4 spell: Passage of Golubria
 39326 | Spider:2 | Reached skill level 1 in Translocations
 39883 | Spider:3 | HP: 2/132 [pharaoh ant (28)]
 39883 | Spider:3 | Mangled by a pharaoh ant

Illustrated notes

Levels and vault maps discovered:
D:1:      minmay_arrival_stair_chambers, layout_rooms,
          chequers_ecumenical_altar_island
D:2:      layout_loops_ring, uniq_terence, uniq_sigmund
D:3:      layout_loops_ring, uniq_jessica, uniq_grinder
D:4:      layout_loops_ring
D:5:      kennysheep_six_static_rooms, layout_loops_ring,
          grunt_temple_overflow_open, mainiacjoe_overflow_two_lobes,
          minmay_temple_entry_antechambers, grunt_decor_resistance,
          kennysheep_nub, minmay_holes
D:6:      layout_basic
D:7:      layout_basic, amcnicky_altar_gilded
D:8:      layout_rooms, grunt_ashenzari_visionary
          [grunt_ashenzari_visionary_shoals, grunt_ashenzari_visionary_spider],
          ploomutoo_gammafunk_ghost_potion_laboratory, grunt_decor_junction
D:9:      minmay_imperfect_grid, layout_loops_ring,
          mainiacjoe_overflow_surrounded_room, nicolae_qazlal_style_of_elements,
          serial_shops, nicolae_shop_advertising_works
          [nicolae_subvault_shop_adworks], shop, shop, nicolae_take_the_stairs
D:10:     layout_cave_pools, mainiacjoe_overflow_paths,
          erik_lair_orcish_takeover, uniq_gastronok
D:11:     layout_roguey, erik_orc_1, small_chamber_with_monster,
          vehumet_altar_wand_db
D:12:     layout_loops_ring, serial_bayou_ford_a
D:13:     layout_rooms, david_vaults_1
D:14:     layout_basic, nicolae_ashenzari_skybound, serial_shops,
          nicolae_shop_tiny_real_fake_doors
D:15:     grunt_enter_depths_magical_seal, layout_basic,
          nicolae_ru_sacrificial_ziggurat, dk_noncrumbling_3, uniq_jorgrun
Lair:1:   layout_gridlike, beast_lair_carwin_11
Lair:2:   layout_gridlike, elwin_shoals_entry_stream
Lair:3:   gammafunk_boulding_lane, layout_gridlike,
          nicolae_spider_entry_tight_spaces, nicolae_lair_lakeside_cave,
          uniq_kirke
Lair:4:   gammafunk_cloud_chamber, layout_cave_pods
Lair:5:   grunt_lair_end_beastmaster, layout_misc_corridors,
          minmay_slime_entry_oklob_enclosed
Spider:1: layout_spider_delve
Spider:2: layout_spider_delve, drop_trap
Spider:3: layout_spider_delve, nicolae_spider_orb_run, uniq_donald, uniq_azrael,
          uniq_bai_suzhen
Orc:1:    nicolae_orc_accident_3, layout_caves, mines4_lemuel, uniq_josephine
Orc:2:    grunt_orc_gardens, layout_diamond_mine, grunt_orc_garden,
          grunt_orc_garden, grunt_orc_garden, grunt_orc_garden

Skill      XL: |  1  2  3  4  5  6  7  8  9 10 11 12 13 14 15 16 |
---------------+-------------------------------------------------+-----
Stealth        | 2 3 4 5 |  5.0
Dodging        | 2 3 4 6 |  6.0
Spellcasting   | 2 3 4 6 7 9 10 | 10.8
Earth Magic    | 3 4 5 6 8 9 10 11 | 11.0
Conjurations   | 1 3 4 5 6 8 9 10 11 | 11.0
Fighting       | 1 2 3 4 5 7 8 9 |  9.6
Poison Magic   | 2 3 |  3.0
Air Magic      | 1 3 5 8 9 10 | 10.0
Armour         | 1 3 4 5 6 7 |  7.0
Ice Magic      | 2 3 4 5 6 |  6.0
Transmutations | 2 3 |  3.0
Fire Magic     | 2 3 5 |  5.2
Necromancy     | 5 6 7 |  7.6
Long Blades    | 2 5 |  5.5
Translocations | 1 |  1.7

Action                     |  1- 3 |  4- 6 |  7- 9 | 10-12 | 13-15 | 16-18 || total
---------------------------+-------+-------+-------+-------+-------+-------++-------
  Melee: Spear             |     3 |       |       |       |       |       ||     3
         Dagger            |       |    16 |    30 |    33 |    45 |       ||   124
         Punch             |       |     2 |       |       |     1 |     1 ||     4
         Staff             |       |       |       |     3 |    19 |       ||    22
         Double sword      |       |       |       |       |       |    15 ||    15
         Rapier            |       |       |       |       |       |    12 ||    12
         Morningstar       |       |       |       |       |       |     2 ||     2
  Throw: Dart              |       |       |     1 |     3 |       |       ||     4
   Cast: Sandblast         |    41 |    47 |    14 |       |       |       ||   102
         Stone Arrow       |       |    15 |   102 |   206 |   100 |     4 ||   427
         Mephitic Cloud    |       |       |    10 |    16 |    12 |     4 ||    42
         Poisonous Vapours |       |       |    17 |    38 |    81 |    94 ||   230
         Swiftness         |       |       |     1 |     3 |       |       ||     4
         Arcjolt           |       |       |       |     7 |    39 |     7 ||    53
         Freezing Cloud    |       |       |       |    45 |    50 |     9 ||   104
         Iron Shot         |       |       |       |       |   150 |    66 ||   216
         Lee's Rapid Decon |       |       |       |       |    18 |     9 ||    27
         Sublimation of Bl |       |       |       |       |    53 |    39 ||    92
         Ignite Poison     |       |       |       |       |    49 |    64 ||   113
  Evoke: Wand              |       |       |       |       |    12 |       ||    12
         Lightning rod     |       |       |       |       |     4 |       ||     4
    Use: Scroll            |     1 |       |     9 |    15 |    14 |     9 ||    48
         Potion            |       |       |       |     1 |     4 |     1 ||     6
 Armour: Robe              |     7 |     5 |       |       |       |    38 ||    50
         Leather armour    |       |       |    18 |     9 |       |       ||    27
         Acid dragon scale |       |       |       |    24 |    68 |    12 ||   104
  Dodge: Dodged            |    16 |    18 |    46 |    49 |   145 |    82 ||   356
  Block: Other             |    10 |    11 |    18 |    27 |    38 |       ||   104
         Reflection        |       |     1 |     1 |     1 |     5 |       ||     8
